 Dungeon Crawl Stone Soup version 0.29.0-11-gd7f09526c8 (webtiles) character file.

Game seed: 10817099355684464860

185 greenreed the Vexing (level 5, -3/41 HPs)
             Began as a Gnoll Arcane Marksman on Sept 4, 2022.
             Slain by Duvessa
             ... wielding a +0 short sword
              (5 damage)
             ... on level 4 of the Dungeon.
             The game lasted 00:09:02 (3419 turns).

greenreed the Vexing (Gnoll Arcane Marksman)        Turns: 3419, Time: 00:09:03

Health: -3/41      AC:  2    Str: 16    XL:     5   Next: 64%
Magic:  8/9        EV: 13    Int: 20    God:
Gold:   169        SH:  6    Dex: 12    Spells: 9/10 levels left

rFire   . . .      SeeInvis .   a - +1 sling
rCold   . . .      Faith    .   l - +2 buckler
rNeg    . . .      Spirit   .   c - +0 robe
rPois   .          Reflect  .   (no helmet)
rElec   .          Harm     .   (no cloak)
rCorr   .          Rampage  .   (no gloves)
Will    .....                   (no boots)
Stlth   ++........              (no amulet)
HPRegen 0.13/turn               e - +6 ring of strength
MPRegen 0.11/turn               g - +6 ring of intelligence

@: about to teleport
A: fangs 1, strong nose, distributed training
a: no special abilities


You were on level 4 of the Dungeon.
You visited 1 branch of the dungeon, and saw 4 of its levels.

You collected 169 gold pieces.

Inventory:

Hand Weapons
 a - a +1 sling (weapon)
 v - a +2 dagger of venom
Missiles
 y - 3 poisoned darts
Armour
 c - a +0 robe (worn)
 l - a +2 buckler (worn)
 s - a +0 tower shield
Jewellery
 e - a +6 ring of strength (left hand)
 g - a +6 ring of intelligence (right hand)
 w - an amulet of magic regeneration
Wands
 r - a wand of flame (14)
 x - a wand of mindburst (6)
Scrolls
 b - a scroll of poison
 d - 2 scrolls of identify
 f - 2 scrolls of teleportation
 i - a scroll of vulnerability {unknown}
 j - 2 scrolls of enchant weapon {unknown}
 n - 2 scrolls of butterflies {unknown}
 p - a scroll of magic mapping {unknown}
 t - a scroll of amnesia {unknown}
 u - 2 scrolls of blinking {unknown}
Potions
 h - a potion of curing {unknown}
 k - a potion of heal wounds {unknown}
 m - 4 potions of degeneration {unknown}
 o - a potion of cancellation {unknown}
 q - a potion of ambrosia {unknown}


   Skills:
 + Level 3.1 Fighting
 + Level 1.6 Short Blades
 + Level 1.6 Long Blades
 + Level 1.6 Axes
 + Level 1.6 Maces & Flails
 + Level 1.6 Polearms
 + Level 1.6 Staves
 + Level 4.8 Ranged Weapons
 + Level 1.6 Throwing
 + Level 1.6 Armour
 + Level 4.8 Dodging
 + Level 1.6 Stealth
 + Level 1.6 Shields
 + Level 1.6 Unarmed Combat
 + Level 3.2 Spellcasting
 + Level 1.3 Conjurations
 + Level 5.6 Hexes
 + Level 1.3 Summonings
 + Level 1.3 Necromancy
 + Level 1.3 Translocations
 + Level 1.3 Transmutations
 + Level 1.3 Fire Magic
 + Level 1.3 Ice Magic
 + Level 1.3 Air Magic
 + Level 1.3 Earth Magic
 + Level 1.3 Poison Magic
 + Level 1.9 Invocations
 + Level 1.6 Evocations


You had 9 spell levels left.
You knew the following spells:

 Your Spells              Type           Power      Damage    Failure   Level
a - Slow                  Hex            100%       N/A       1%          1

Your spell library contained the following spells:

 Spells                   Type           Power      Damage    Failure   Level
 Inner Flame              Hex/Fire       17%        N/A       13%         3
 Portal Projectile        Hex/Tloc       34%        N/A       13%         3
 Cause Fear               Hex            12%        N/A       19%         4
 Summon Mana Viper        Hex/Summ       17%        N/A       77%         5
 Summon Forest            Summ/Tloc      4%         N/A       96%         5
 Summon Cactus Giant      Summ           4%         N/A       100%        6


Dungeon Overview and Level Annotations

Branches:
Dungeon (4/15)
 Temple: D:4-7

Altars:
Ru

Portals:
Ossuary: D:4

Annotations:
D:4 Dowan, Duvessa, Edmund


Innate Abilities, Weirdness & Mutations

You have very sharp teeth.
Your uncanny sense of smell can sniff out nearby items.
Your experience applies equally to all skills.


Message History

Duvessa says, "When magic and the sword combine, nothing stands against them."
You open the door.
An orc zombie comes into view.
Press: ? - help, v - describe, . - travel
Here: an orc zombie (dormant)
The floor.
You block Duvessa's attack.
Dowan casts a spell at Duvessa.
Duvessa seems to speed up.
Duvessa says, "Did you see that move?
Perfect!"
Duvessa attacks as you move away! Duvessa barely misses you.
A hound comes into view.
Found a book of Party Tricks.
Dowan gestures at you while chanting. The puff of flame hits you!
Duvessa attacks as you move away! Duvessa completely misses you.
The hound barks!
The hound bites you but does no damage. Duvessa attacks as you move away!
You block Duvessa's attack. The hound misses you.
You see here a book of Party Tricks.
Duvessa attacks as you move away! Duvessa hits you with a +0 short sword.
You block the hound's attack. The hound bites you.
You open the door.
A mummy comes into view.
The hound closely misses you. Duvessa hits you with a +0 short sword!
Found a sand-covered staircase.
As you read the scroll labelled JIZATIBBACHE, it crumbles to dust.
It is a scroll of identify.
f - 3 scrolls of teleportation The hound bites you.
* * * LOW HITPOINT WARNING * * *
The hound misses you.
Okay, then.
Duvessa hits you with a +0 short sword!
* * * LOW HITPOINT WARNING * * *
As you read the scroll of teleportation, it crumbles to dust.
You feel strangely unstable. You block the hound's attack.
Duvessa hits you with a +0 short sword.
You die...

#######w.....S# .
#......### .#
###...@.##.# ..#
#..$.BS###'###..#
#.#...#e......#
#.#?.###.....##
#....##∩##...##
....###M###.###+##
#...[...@he.B.......
..######eS###.#####
#. ##.# .# #... #
###.# ... .## .#


You could see Duvessa (fast, slow), Dowan, a mummy, a hound, an adder and a
giant cockroach.

Vanquished Creatures
  A necrophage (D:3)
  Ijyb (D:3)
  4 adders
  2 worms
  6 ball pythons
  5 bats
  3 endoplasms
  3 giant cockroaches
  3 goblins
  6 hobgoblins
  4 jackals (D:2)
  4 kobolds
  2 frilled lizards (D:1)
  9 rats
53 creatures vanquished.

Notes
Turn   | Place    | Note
-------+----------+-------------------------------------------
     0 | D:1      | greenreed the Gnoll Arcane Marksman began the quest for the
                  | Orb.
     0 | D:1      | Reached XP level 1. HP: 17/17 MP: 4/4
   148 | D:1      | Reached XP level 2. HP: 23/23 MP: 5/5
   705 | D:1      | Found a faded altar of an unknown god.
  1249 | D:2      | Reached XP level 3. HP: 28/28 MP: 7/7
  1297 | D:2      | Reached skill level 1 in Invocations
  1451 | D:2      | Reached skill level 1 in Short Blades
  1451 | D:2      | Reached skill level 1 in Long Blades
  1451 | D:2      | Reached skill level 1 in Axes
  1451 | D:2      | Reached skill level 1 in Maces & Flails
  1451 | D:2      | Reached skill level 1 in Polearms
  1451 | D:2      | Reached skill level 1 in Staves
  1451 | D:2      | Reached skill level 1 in Throwing
  1451 | D:2      | Reached skill level 1 in Armour
  1451 | D:2      | Reached skill level 1 in Stealth
  1451 | D:2      | Reached skill level 1 in Shields
  1451 | D:2      | Reached skill level 1 in Unarmed Combat
  1451 | D:2      | Reached skill level 1 in Evocations
  1808 | D:2      | Reached XP level 4. HP: 24/34 MP: 8/8
  2353 | D:3      | Reached skill level 1 in Conjurations
  2353 | D:3      | Reached skill level 1 in Summonings
  2353 | D:3      | Reached skill level 1 in Necromancy
  2353 | D:3      | Reached skill level 1 in Translocations
  2353 | D:3      | Reached skill level 1 in Transmutations
  2353 | D:3      | Reached skill level 1 in Fire Magic
  2353 | D:3      | Reached skill level 1 in Ice Magic
  2353 | D:3      | Reached skill level 1 in Air Magic
  2353 | D:3      | Reached skill level 1 in Earth Magic
  2353 | D:3      | Reached skill level 1 in Poison Magic
  2581 | D:3      | Noticed Ijyb
  2601 | D:3      | Killed Ijyb
  2959 | D:3      | Reached XP level 5. HP: 40/40 MP: 9/9
  3064 | D:3      | Found a sacrificial altar of Ru.
  3261 | D:4      | Noticed Edmund
  3398 | D:4      | Noticed Dowan
  3401 | D:4      | Noticed Duvessa
  3416 | D:4      | Found a sand-covered staircase.
  3418 | D:4      | HP: 2/41 [Duvessa/+0 short sword (10)]
  3419 | D:4      | Slain by Duvessa

Illustrated notes

Levels and vault maps discovered:
D:1:      scummos_arrival_simple_fountains, layout_loops_cross,
          dilly_ecumenical_altar_fadedgnrine, nicolae_figureground_sparkle
D:2:      layout_loops_cross, hex_large
D:3:      layout_basic, mainiacjoe_overflow_six_doors_small, uniq_ijyb
D:4:      layout_basic, minmay_temple_entry_stoned_glass,
          nicolae_ossuary_entry_giza, uniq_edmund, uniq_duvessa, uniq_menkaure

Skill      XL: |  1  2  3  4  5 |
---------------+----------------+-----
Invocations    | 1 |  1.9
Short Blades   | 1 |  1.6
Long Blades    | 1 |  1.6
Axes           | 1 |  1.6
Maces & Flails | 1 |  1.6
Polearms       | 1 |  1.6
Staves         | 1 |  1.6
Throwing       | 1 |  1.6
Armour         | 1 |  1.6
Stealth        | 1 |  1.6
Shields        | 1 |  1.6
Unarmed Combat | 1 |  1.6
Evocations     | 1 |  1.6
Spellcasting   | 3 |  3.2
Conjurations   | 1 |  1.3
Summonings     | 1 |  1.3
Necromancy     | 1 |  1.3
Translocations | 1 |  1.3
Transmutations | 1 |  1.3
Fire Magic     | 1 |  1.3
Ice Magic      | 1 |  1.3
Air Magic      | 1 |  1.3
Earth Magic    | 1 |  1.3
Poison Magic   | 1 |  1.3
Fighting       | 3 |  3.1
Ranged Weapons | |  4.8
Dodging        | |  4.8
Hexes          | |  5.6

Action                   |  1- 3 |  4- 6 || total
-------------------------+-------+-------++-------
Melee: Dagger            |       |     1 ||     1
 Fire: Sling             |   117 |    96 ||   213
 Cast: Slow              |     4 |    10 ||    14
  Use: Scroll            |       |     2 ||     2
Armor: Robe              |    12 |     7 ||    19
Dodge: Dodged            |    37 |    33 ||    70
Block: Buckler           |    14 |    10 ||    24
